Description

An easy build for lower Levels. Improve from Diamond to Master by learning Macro.

VOD

https://www.youtube.com/watch?v=xlkAp9D2Vcw

Build Order

Get SALT Encoding   

  13  0:01  Probe  rally to natural for wall. Stay here for Gate
  14  0:21  Pylon  
  15  0:29  Probe (Chrono Boost)  
  16  0:40  Gateway  scout for early pool, then go to third to block
  17  0:49  Assimilator  rally probes in gas as soon as 16 probes are on minerals
  19  1:18  Probe  if Zerg expands = no rush = do expand
  20  1:27  Nexus  same probe for Core, short probe cut
  20  1:35  Cybernetics Core  
  21  1:39  Probe  resume probe production
  21  1:44  Probe  scouting probe: check 3rd and try to block
  21  1:46  Assimilator  then rally probes in
  22  1:53  Pylon  keep making probes!
  26  2:15  Adept (Chrono Boost)  scout for third base = units or probes?
  26  2:17  Warp Gate  
  26  2:23  Twilight Council  asap
  27  2:30  Probe  scouting probe: still no third? watch for lings
  31  2:41  Stalker (Chrono Boost)  as soon adept is ready
  32  2:51  Robotics Facility  asap
  35  3:10  Gateway  close the wall, make battery if Adept scouted many units
  36  3:13  Shield Battery  
  37  3:19  Charge (Chrono Boost)  as soon as twilight is rdy - chrono until complete
  38  3:36  Gateway x2  short probe cut
  40  3:43  Warp Prism (Chrono Boost)  
  41  3:47  Probe  resume probe production
  42  3:51  Pylon x2  
  46  4:10  Zealot x2  as soon as the 2 gateways are finished
  48  4:20  Observer, Pylon  move out with warp prism and the zealots, rally to enemy
  52  4:29  Nexus  stalker go to wall, adept defense on 3rd
  60  4:39  Zealot x4  prism warp in near zergs 3rd. Do damage with y 6 zealots
  68  5:01  Zealot x4  keep presure while macroing
  70  5:08  Pylon  keep making probes
  70  5:11  Shield Battery  on 3rd
  70  5:15  Templar Archives  + try warp in more zealots
  77  5:26  Pylon  not getting supply blocked
  77  5:32  Assimilator  fill asap for archons
  82  5:40  Sentry x2  at 3rd
  88  5:54  High Templar x2  asap to Archon
  88  5:56  Gateway x6  go to 10 Gateways on the 3 bases
  90  6:17  Probe  transfer probes to 3rd if needed
  100  6:36  Immortal  and keep making archon immortal zealot
  106  6:43  Pylon  
  106  6:45  High Templar x2  asap to Archon
Spawning Tool Build Advisor. Get it on Overwolf

Analysis

Unit composition is Archon Zealot and Immortal.

Go to:

Details

  • Created by: Mor9oth  
  • Published on: Jun 25, 2020
  • Modified on: Jul 02, 2020
  • Patch: 4.11.0
  • Difficulty: Easy
Show
View Real Time Build Order
Export as new Build Order

Comments (0)

There are no comments. Be the first!

Create an account to comment!